 Dungeon Crawl Stone Soup version 0.27.0-1-g7a089689b8 (webtiles) character file.

Game seed: 5855378402872204796

4015 DildoBatman the Artisan of Death (level 10, -23/67 HPs)
             Began as a Formicid Conjurer on Aug 6, 2021.
             Was a Priest of Kikubaaqudgha.
             Annihilated by a boulder beetle (31 damage)
             ... on level 8 of the Dungeon on Aug 7, 2021.
             The game lasted 00:39:16 (8868 turns).

DildoBatman the Artisan of Death (FoCj)             Turns: 8868, Time: 00:39:17

Health: -23/67     AC:  6    Str: 11    XL:     10   Next: 47%
Magic:  4/20       EV: 12    Int: 19    God:    Kikubaaqudgha [***...]
Gold:   155        SH:  5    Dex: 12    Spells: 6/23 levels left

rFire    . . .     SeeInvis +   a - +1 hunting sling
rCold    . . .     Faith    .   (no shield)
rNeg     + . .     Spirit   .   F - +2 robe {Will+}
rPois    .         Reflect  +   (helmet unavailable)
rElec    .         Harm     .   J - +0 cloak
rCorr    .         Rampage  .   (no gloves)
Will     ++...                  t - +0 pair of boots
Stlth    ++........             g - amulet of reflection
HPRegen  0.21/turn              A - ring of positive energy
MPRegen  0.17/turn              (no ring)

@: no status effects
A: permanent stasis, dig shafts and tunnels, antennae 3, four strong arms
a: Dig, Shaft Self, Renounce Religion, Receive Corpses


You were on level 8 of the Dungeon.
You worshipped Kikubaaqudgha.
Kikubaaqudgha was most pleased with you.
You visited 2 branches of the dungeon, and saw 9 of its levels.
You also visited: Ossuary.

You collected 347 gold pieces.
You spent 192 gold pieces at shops.

Inventory:

Hand Weapons
 a - a +1 hunting sling (weapon)
 b - a +0 long sword
 d - a +3 quarterstaff
Missiles
 c - 44 bolts
 k - 101 arrows
 o - 153 stones (quivered ammo)
 x - a curare-tipped dart
 D - 37 poisoned darts
 I - 21 sling bullets
 M - 2 throwing nets
 O - 3 boomerangs
Armour
 f - a +3 ring mail of poison resistance
 t - a +0 pair of boots (worn)
 F - a +2 robe of willpower (worn)
 J - a +0 cloak (worn)
Magical Staves
 y - a staff of cold
Jewellery
 g - an amulet of reflection (around neck)
 A - a ring of positive energy (left hand)
Wands
 K - a wand of iceblast (4)
Scrolls
 e - a scroll of enchant armour
 h - 5 scrolls of amnesia
 i - a scroll of enchant weapon
 j - a scroll of magic mapping
 p - 7 scrolls of fog
 q - a scroll of immolation {unknown}
 v - 3 scrolls of fear {unknown}
 z - 5 scrolls of identify
 E - a scroll of brand weapon {unknown}
 G - a scroll of holy word {unknown}
 H - 2 scrolls of noise {unknown}
 P - a scroll of blinking {unknown}
Potions
 l - a potion of cancellation {unknown}
 m - 2 potions of degeneration {unknown}
 n - 2 potions of magic {unknown}
 r - 3 potions of flight {unknown}
 s - 5 potions of curing {unknown}
 u - 5 potions of lignification {unknown}
 w - 2 potions of heal wounds {unknown}
 B - 4 potions of attraction {unknown}
 C - 2 potions of berserk rage {unknown}
 L - a potion of might {unknown}
 N - a potion of haste {unknown}


   Skills:
 - Level 2.0 Fighting
 - Level 2.0 Armour
 - Level 1.7 Dodging
 - Level 2.4 Stealth
 - Level 7.0 Spellcasting
 - Level 6.0 Conjurations
 - Level 9.0 Necromancy
 * Level 8.4 Earth Magic


You had 6 spell levels left.
You knew the following spells:

 Your Spells              Type           Power      Damage    Failure   Level
a - Borgnjor's Vile Clut  Necr/Erth      19%        N/A       8%          5
c - Searing Ray           Conj           58%        3d5       1%          2
d - Vampiric Draining     Necr           20%        2d8       1%          3
f - Magic Dart            Conj           100%       1d8       1%          1
h - Dispel Undead         Necr           40%        3d16      2%          4
z - Sublimation of Blood  Necr           20%        N/A       1%          2

Your spell library contained the following spells:

 Spells                   Type           Power      Damage    Failure   Level
 Pain                     Necr           100%       1d9       1%          1
 Corpse Rot               Necr/Air       N/A        N/A       2%          2
 Animate Dead             Necr           20%        N/A       2%          4
 Dazzling Flash           Conj/Hex       36%        N/A       9%          3
 Leda's Liquefaction      Hex/Erth       11%        N/A       19%         4
 Fulminant Prism          Conj/Hex       9%         3d7       28%         4
 Iskenderun's Mystic Bla  Conj/Tloc      18%        2d6       28%         4
 Call Canine Familiar     Summ           6%         N/A       30%         3
 Portal Projectile        Hex/Tloc       12%        N/A       30%         3
 Death Channel            Necr           20%        N/A       36%         6
 Simulacrum               Ice/Necr       11%        N/A       94%         6


Dungeon Overview and Level Annotations

Branches:
Dungeon (8/15)             Temple (1/1) D:7         Ossuary (visited)
   Lair: D:8-11

Altars:
Hepliaklqana
Kikubaaqudgha
Nemelex Xobeh
Qazlal
Ru
Wu Jian
Yredelemnul
Zin
The Shining One

Shops:
D:4 *   D:5 *   D:8 *:[((

Annotations:
D:7 exclusions: electric eel, sensed monster (detected) and ugly thing


Innate Abilities, Weirdness & Mutations

You cannot be hasted, slowed, berserked, paralysed or teleported.
You can dig through walls and to a lower floor.
You have a pair of large antennae on your head. (SInv)
Your four strong arms can wield two-handed weapons with a shield.


Message History

The boulder beetle escapes!
You extend your mandibles.
You dig through the rock wall.
You retract your mandibles.
The boulder beetle hits you!
The boulder beetle stops rolling and uncurls.
The boulder beetle leaps!
Casting: Borgnjor's Vile Clutch (dangerous; 8% risk of failure)
Confirm with . or Enter, or press ? or * to list all spells.
Aiming: Borgnjor's Vile Clutch (dangerous; 8% risk of failure)
Press: ? - help, Shift-Dir - straight line, f/p - boulder beetle
Aim: a boulder beetle (lightly wounded, 100% to hit)
You miscast Borgnjor's Vile Clutch.
You are very lightly contaminated with residual magic.
Sand pours from your hands.
You extend your mandibles.
You dig through the rock wall.
You dig through the rock wall.
You dig through the rock wall.
The boulder beetle curls into a ball and begins rolling!
You dig through the rock wall.
You retract your mandibles.
Okay, then.
The boulder beetle closely misses you.
The boulder beetle stops rolling and uncurls.
The boulder beetle curls into a ball and begins rolling!
Your magical contamination has completely faded away.
You block the boulder beetle's attack.
The boulder beetle stops rolling and uncurls.
The boulder beetle curls into a ball and begins rolling!
The boulder beetle hits you!!!
Ouch! That really hurt!
The boulder beetle stops rolling and uncurls.
The boulder beetle curls into a ball and begins rolling!
Are you sure you want to shaft yourself?
You begin to dig a shaft.
You continue digging a shaft.
The boulder beetle hits you!!
You die...
Kikubaaqudgha rasps: "You have failed me!
Welcome... death!"

#.# #.#.## ####.#
#..## ####.e..#
#.## ...≈.≈..#
############.#
##≈≈.≈≈#####
#..°°........#
#≈≈∩≈≈......
#.############
#≈≈≈≈≈###### #°#
#.≈≈≈## #B#
##)#### #@#
#.#.######### #.#
.###........# #.#
#.#.#######.####.#
.<.## #......#
#### ########


You could see a boulder beetle (rolling).

Vanquished Creatures
  Grinder (D:4)
  Prince Ribbit (D:7)
  A slime creature (D:8)
  A steam dragon (D:4)
  Duvessa (D:6)
  2 water moccasins (D:8)
  A sky beast (D:5)
  An orc warrior (D:8)
  An ice beast (D:6)
  An ogre (D:5)
  2 centaurs
  3 kobold brigands
  3 phantoms
  3 elf zombies
  Blork the orc (D:5)
  3 bullfrogs
  A scorpion (D:5)
  An elf skeleton (D:7)
  A wyvern skeleton (D:7)
  A water moccasin zombie (D:7)
  Dowan (D:6)
  3 killer bees (D:8)
  A wight (D:8)
  2 howler monkeys (D:5)
  4 centaur zombies
  A hound (D:6)
  A centaur skeleton (D:6)
  2 human zombies (Ossuary)
  3 orc priests
  Jessica (D:1)
  2 human skeletons (D:7)
  A gnoll shaman (D:6)
  4 orc wizards
  An iguana (D:6)
  A killer bee zombie (D:8)
  A hound zombie (D:5)
  2 mummies (Ossuary)
  21 gnolls
  6 adders
  A howler monkey skeleton (D:5)
  A white imp (D:7)
  3 ufetubi
  2 adder zombies
  An adder skeleton (D:4)
  A worm (D:5)
  A dart slug (D:2)
  32 orcs
  4 endoplasms
  6 goblins
  7 hobgoblins
  16 jackals
  11 kobolds
  2 quokkas
  7 ball pythons
  6 bats
  A frilled lizard (D:2)
  12 hobgoblin zombies (Ossuary)
  2 jackal zombies (Ossuary)
  7 kobold zombies (Ossuary)
  An orc skeleton (D:7)
  8 orc zombies (Ossuary)
  A rat (D:1)
  2 rat zombies (Ossuary)
223 creatures vanquished.

Vanquished Creatures (others)
  A centaur zombie (D:4)
  12 plants (D:8)
13 creatures vanquished.

Grand Total: 236 creatures vanquished

Notes
Turn   | Place    | Note
-------+----------+-------------------------------------------
     0 | D:1      | DildoBatman the Formicid Conjurer began the quest for the
                  | Orb.
     0 | D:1      | Reached XP level 1. HP: 13/13 MP: 3/3
   223 | D:1      | Found a faded altar of an unknown god.
   233 | D:1      | Reached XP level 2. HP: 19/19 MP: 1/5
   244 | D:1      | Learned a level 2 spell: Searing Ray
   625 | D:1      | Reached XP level 3. HP: 15/24 MP: 3/6
   951 | D:2      | Noticed Jessica
  1366 | D:3      | Found a sparkling altar of Nemelex Xobeh.
  1416 | D:3      | Reached XP level 4. HP: 21/30 MP: 2/7
  1667 | D:3      | Reached skill level 5 in Conjurations
  1930 | D:4      | Found a glowing golden altar of the Shining One.
  1979 | D:4      | Found a glowing silver altar of Zin.
  2131 | D:4      | Noticed a steam dragon
  2272 | D:4      | Reached XP level 5. HP: 20/35 MP: 1/8
  2412 | D:4      | HP: 1/35 [something] (2)]
  2418 | D:4      | You fall into a shaft and drop 2 floors!
  2736 | D:5      | Entered Level 5 of the Dungeon
  2757 | D:5      | Noticed a phantom
  2823 | D:6      | Reached XP level 6. HP: 42/42 MP: 0/9
  2864 | D:5      | Reached skill level 1 in Fighting
  2864 | D:5      | Reached skill level 1 in Armour
  2968 | D:5      | Noticed an ogre
  2981 | D:5      | Killed an ogre
  3041 | D:5      | Reached XP level 7. HP: 50/50 MP: 3/12
  3129 | D:5      | Noticed Blork the orc
  3317 | D:5      | Found Jezaunn's Assorted Antiques.
  3323 | D:5      | Bought a scroll labelled LAEZUSIEPEF for 23 gold pieces
  3323 | D:5      | Bought a dark potion for 20 gold pieces
  3522 | D:4      | Noticed Grinder
  3524 | D:4      | Found Ippuxt's Assorted Antiques.
  3528 | D:4      | Bought a fuming red potion for 27 gold pieces
  3528 | D:4      | Bought a scroll labelled WAWEMM YQOCAJA for 30 gold pieces
  3561 | D:4      | Found a basalt altar of Yredelemnul.
  3992 | D:5      | Found a hazy altar of Hepliaklqana.
  3993 | D:5      | Found a faded altar of an unknown god.
  4002 | D:5      | You fall into a shaft and drop 2 floors!
  4043 | D:7      | Found a staircase to the Ecumenical Temple.
  4052 | Temple   | Entered the Ecumenical Temple
  4061 | Temple   | Became a worshipper of Kikubaaqudgha
  4165 | D:7      | Reached skill level 5 in Spellcasting
  4181 | D:7      | Noticed Prince Ribbit
  4355 | D:7      | Found a sand-covered staircase.
  4435 | D:7      | Reached XP level 8. HP: 54/56 MP: 2/17
  4453 | Ossuary  | Entered an ossuary
  4560 | Ossuary  | Reached * piety under Kikubaaqudgha
  4560 | Ossuary  | Received a gift from Kikubaaqudgha
  4714 | Ossuary  | Reached skill level 1 in Necromancy
  4752 | Ossuary  | Reached skill level 2 in Necromancy
  4893 | D:7      | Learned a level 2 spell: Sublimation of Blood
  4897 | D:7      | Learned a level 3 spell: Vampiric Draining
  5037 | D:6      | Reached skill level 3 in Necromancy
  5049 | D:6      | Noticed Dowan
  5049 | D:6      | Noticed Duvessa
  5150 | D:4      | Killed Grinder
  5151 | D:4      | Reached skill level 4 in Necromancy
  5193 | D:4      | Reached skill level 5 in Necromancy
  5193 | D:4      | Reached XP level 9. HP: 61/61 MP: 7/19
  5290 | D:1      | Killed Jessica
  5481 | D:5      | Reached skill level 6 in Necromancy
  5683 | D:5      | Reached ** piety under Kikubaaqudgha
  5795 | D:5      | Reached skill level 7 in Necromancy
  6002 | D:5      | Reached *** piety under Kikubaaqudgha
  6002 | D:5      | Received a gift from Kikubaaqudgha
  6019 | D:5      | Learned a level 4 spell: Dispel Undead
  6025 | D:5      | Learned a level 5 spell: Borgnjor's Vile Clutch
  6200 | D:5      | Reached skill level 1 in Earth Magic
  6616 | D:5      | Killed Blork the orc
  6617 | D:5      | Reached skill level 8 in Necromancy
  6687 | D:6      | Killed Dowan
  7221 | D:6      | Killed Duvessa
  7400 | D:7      | Reached XP level 10. HP: 63/67 MP: 10/20
  7572 | D:7      | Noticed a green ugly thing
  7758 | D:7      | Killed Prince Ribbit
  7759 | D:7      | Reached skill level 9 in Necromancy
  7759 | D:7      | Reached skill level 5 in Earth Magic
  7994 | D:8      | Found Nuofir's Assorted Antiques.
  7997 | D:8      | Bought a dark potion for 23 gold pieces
  7997 | D:8      | Bought a clear potion for 23 gold pieces
  7997 | D:8      | Bought 2 lumpy pink potions for 46 gold pieces
  8142 | D:8      | Found Eppil's Weapon Shop.
  8148 | D:8      | Found Ryatoes's Armour Shoppe.
  8244 | D:8      | Found Lusianet's Book Boutique.
  8279 | D:8      | Found Qenorogg's Antique Weapon Shoppe.
  8510 | D:8      | Noticed a deep elf pyromancer
  8683 | D:8      | Noticed a catoblepas
  8833 | D:8      | Noticed a boulder beetle
  8868 | D:8      | Annihilated by a boulder beetle

Illustrated notes

Levels and vault maps discovered:
D:1:      sevenhm_arrival_forest_fort_large_2, layout_rooms,
          shapermc_ecumenical_altar_notcrosses, minmay_misc_feat_doors, hex_tiny
D:2:      layout_rooms, uniq_jessica
D:3:      layout_loops_ring, nicolae_overflow_hidden_temple,
          minmay_goblin_outpost
D:4:      layout_gridville, lemuel_zombie_altar_yredelemnul,
          mainiacjoe_overflow_large_starburst, serial_shops, shop,
          amcnicky_mini_rare_corridor_liquid, uniq_grinder
D:5:      lemuel_castle_with_subvaults [lemuel_castle_interior_carwin_1],
          layout_basic, beargit_hepliaklqana_dungeon_heroes, serial_shops,
          nicolae_square_shop
D:6:      layout_basic, uniq_duvessa
D:7:      minmay_the_grid_octo_2x2 [minmay_the_grid_octo_77,
          minmay_the_grid_octo_tetromino_candy, minmay_the_grid_octo_clover_2,
          minmay_the_grid_octo_prize_ultimate_mussel_roller], layout_basic,
          minmay_temple_entry_grid, serial_aquarium, aquarium_bridge_straight
          [aquarium_subvault_bridge, aquarium_subvault_wall,
          aquarium_subvault_bridge, aquarium_subvault_window],
          aquarium_bridge_long_joined [aquarium_subvault_bridge,
          aquarium_subvault_balcony, aquarium_subvault_window,
          aquarium_subvault_wall, aquarium_subvault_bridge,
          aquarium_subvault_wall], aquarium_window_1, aquarium_window_1,
          aquarium_view_2c, aquarium_view_2g, aquarium_pool_split,
          nicolae_ossuary_entry_catacombs, grunt_ministairs_4,
          uniq_prince_ribbit1
D:8:      layout_loops_ring, serial_shops, nicolae_shop_waterfront,
          kennysheep_little_box, shop, kennysheep_mini, nicolae_stop_n_shop_2,
          minmay_shattered_shrine
Temple:   compressed_dpeg_circular_temple

Skill      XL: |  1  2  3  4  5  6  7  8  9 10 |
---------------+-------------------------------+-----
Conjurations   | 4 5 6 |  6.0
Fighting       | 2 |  2.0
Armour         | 2 |  2.0
Spellcasting   | 3 6 7 |  7.0
Necromancy     | 5 8 9 |  9.0
Earth Magic    | 4 8 |  8.4
Dodging        | |  1.7
Stealth        | |  2.4

Action                   |  1- 3 |  4- 6 |  7- 9 | 10-12 || total
-------------------------+-------+-------+-------+-------++-------
Melee: Dagger            |     9 |       |       |       ||     9
       Long sword        |     6 |     2 |     7 |     4 ||    19
       Quarterstaff      |       |       |       |     7 ||     7
 Fire: Hunting sling     |       |    37 |   200 |    22 ||   259
 Cast: Magic Dart        |    44 |     5 |    12 |     2 ||    63
       Searing Ray       |     7 |    15 |    77 |    20 ||   119
       Vampiric Draining |       |       |    12 |    16 ||    28
       Borgnjor's Vile C |       |       |       |     1 ||     1
 Abil: Dig               |     9 |    15 |    32 |    14 ||    70
       Shaft Self        |       |     1 |     1 |     1 ||     3
  Use: Scroll            |       |       |     6 |       ||     6
 Stab: Sleeping          |       |       |     2 |     1 ||     3
Armor: Robe              |     3 |     4 |    20 |    18 ||    45
Dodge: Dodged            |    14 |    15 |    74 |    37 ||   140
Block: Other             |       |     2 |    29 |    12 ||    43
       Rpst.: Long sword |     2 |       |     7 |     5 ||    14
